 Dungeon Crawl Stone Soup version 0.30-a0-4-ga7cffc901d (webtiles) character file.

Game seed: 11909858923831830512

393 dveduu the Purveyor of Pain (level 6, -6/41 HPs)
             Began as a Mummy Necromancer on Aug 21, 2022.
             Was an Initiate of Kikubaaqudgha.
             Killed from afar by Sigmund (8 damage)
             ... with a magic dart
             ... on level 4 of the Dungeon.
             The game lasted 00:13:18 (4528 turns).

dveduu the Purveyor of Pain (Mummy Necromancer)     Turns: 4528, Time: 00:13:19

Health: -6/41      AC:  3    Str: 11    XL:     6   Next: 51%
Magic:  13/13      EV: 12    Int: 17    God:    Kikubaaqudgha [......]
Gold:   153        SH:  0    Dex: 12    Spells: 10/15 levels left

rFire   x . .      SeeInvis .    d - +1 whip (pain)
rCold   + . .      Faith    .    (no shield)
rNeg    + + +      Spirit   .    q - +1 robe
rPois   ∞          Reflect  .    (no helmet)
rElec   .          Harm     .    (no cloak)
rCorr   .          Rampage  .    (no gloves)
Will    .....                    (no boots)
Stlth   ++........               (no amulet)
HPRegen 0.13/turn                m - ring of wizardry
MPRegen 0.13/turn                (no ring)

@: studying Unarmed Combat
A: cold resistance 1, negative energy resistance 3, torment resistance 2, heat
vulnerability 1, in touch with death 1, no potions
a: Renounce Religion


You were on level 4 of the Dungeon.
You worshipped Kikubaaqudgha.
Kikubaaqudgha was noncommittal.
You visited 2 branches of the dungeon, and saw 5 of its levels.

You collected 153 gold pieces.

Inventory:

Hand Weapons
 d - a +1 whip of pain (weapon)
Armour
 i - a +0 ring mail
 q - a +1 robe (worn)
Magical Staves
 p - a staff of conjuration
Jewellery
 a - an amulet of guardian spirit
 f - an amulet of the acrobat
 l - a ring of fire
 m - a ring of wizardry (left hand)
Wands
 o - a wand of paralysis (7)
Scrolls
 b - a scroll of enchant weapon {unknown}
 c - a scroll of teleportation {unknown}
 e - a scroll of immolation {unknown}
 g - 2 scrolls of amnesia
 h - 4 scrolls of fear
 j - 2 scrolls of identify {unknown}
 k - a scroll of blinking {unknown}
 n - a scroll of enchant armour {unknown}


   Skills:
 - Level 1.5 Dodging
 - Level 1.6 Stealth
 + Level 5.2 Spellcasting
 * Level 6.9 Necromancy


You had 10 spell levels left.
You knew the following spells:

 Your Spells              Type           Power      Damage    Failure   Level
a - Necrotise             Necr           100%       1d9       1%          1
b - Animate Dead          Necr           42%        N/A       3%          4

Your spell library contained the following spells:

 Spells                   Type           Power      Damage    Failure   Level
 Vampiric Draining        Necr           42%        2d9       1%          3
 Static Discharge         Conj/Air       4%         3-4/arc   9%          2
 Agony                    Necr           42%        N/A       9%          5
 Corpse Rot               Necr/Pois/Air  18%        N/A       21%         4
 Lightning Bolt           Conj/Air       2%         1d13      80%         5
 Infestation              Necr           21%        N/A       100%        8
 Maxwell's Capacitive Co  Air            2%         ∞         100%        8


Dungeon Overview and Level Annotations

Branches:
Dungeon (4/15)             Temple (1/1) D:4

Altars:
Dithmenos
Fedhas
Kikubaaqudgha
Makhleb
Qazlal
Ru
Sif Muna
Trog
Vehumet
Xom
Yredelemnul

Shops:
D:3 (

Annotations:
D:4 1 runed translucent door, Sigmund


Innate Abilities, Weirdness & Mutations

You are immune to poison.
Your flesh is cold resistant. (rC+)
You are immune to negative energy. (rN+++)
You are immune to unholy pain and torment.
You are vulnerable to heat. (rF-)
You are in touch with the powers of death.
You do not drink.


Message History

Kikubaaqudgha accepts your kill.
Natasha yowls pathetically as she dies!
The shadow imp disappears in a puff of smoke!
Casting: Necrotise (safe; 1% risk of failure)
Confirm with . or Enter, or press ? or * to list all spells.
Aiming: Necrotise (safe; 1% risk of failure)
Press: ? - help, Shift-Dir - straight line, f - endoplasm
Aim: an endoplasm (chance to affect: 93%)
You feel a surge of power!
The endoplasm writhes in agony!
You kill the endoplasm!
Kikubaaqudgha accepts your kill. Sigmund gestures at you while chanting.
You are confused.
Sigmund barely misses you.
Sigmund screams, "Only death can liberate you!"
Sigmund closely misses you.
You're too confused to move!
You feel less confused. Sigmund barely misses you.
You whack Sigmund!
Sigmund writhes in agony.
Sigmund is moderately wounded.
You closely miss Sigmund.
Sigmund is moderately wounded.
Sigmund barely misses you.
You hit Sigmund.
Sigmund writhes in agony!
Sigmund is heavily wounded.
Sigmund casts a spell.
Sigmund flickers and vanishes!
You hit something.
You hear some strange, mumbled words.
A puff of flame appears from out of thin air!
The puff of flame hits you! The fire burns you terribly!
* * * LOW HITPOINT WARNING * * *
You closely miss something. Something barely misses you.
You hit something.
You hear some strange, mumbled words.
A magic dart appears from out of thin air!
The magic dart hits you!
You die...
Kikubaaqudgha rasps: "You have failed me!
Welcome... oblivion!"

#.....'..# .. . +# +.....##### .
.. .# #.....'...# ... ..
#.....###.# .. ### .#
#J##+####.####.# ..##.# .
#.##..@.#.#.†..# ###....# ...
+.##.##.#.#.########...#...
.?...#.##.##.#..............#Z..
........§†.##..{@.....#...#.#.#.#
#.....#.##.############....##Z##.
#.#.#.#.#### #..###...## # . ...
#... ##.## # ...#.. #...# #.#.
....!.... #.... #.#. .##.. ..##
##....#.#.# .!... $. #.# #.# .
#.# #.. #.# .


There were no monsters in sight!

Vanquished Creatures
  Blork the orc (D:4)
  3 hounds (D:4)
  Natasha (D:4)
  3 gnolls (D:3)
  6 adders
  2 worms
  3 dart slugs
  6 orcs
  11 ball pythons
  6 endoplasms
  4 giant cockroaches
  9 goblins
  A hobgoblin (D:2)
  14 jackals
  3 quokkas
  6 bats
  A frilled lizard (D:1)
  8 kobolds
  5 rats
93 creatures vanquished.

Vanquished Creatures (collateral kills)
  2 worms
  2 orcs
  2 endoplasms
  A hobgoblin (D:1)
  3 frilled lizards
  2 kobolds
  A rat (D:2)
13 creatures vanquished.

Vanquished Creatures (others)
  3 hound zombies (D:4)
  2 orc zombies (D:4)
  2 gnoll zombies (D:3)
  A jackal zombie (D:3)
8 creatures vanquished.

Grand Total: 114 creatures vanquished

Notes
Turn   | Place    | Note
-------+----------+-------------------------------------------
     0 | D:1      | dveduu the Mummy Necromancer began the quest for the Orb.
     0 | D:1      | Reached XP level 1. HP: 13/13 MP: 4/4
   315 | D:1      | Reached XP level 2. HP: 19/19 MP: 2/5
  1033 | D:1      | Got the Meditations on Death
  1168 | D:1      | Gained mutation: You are in touch with the powers of death.
                  | [Mummy growth]
  1168 | D:1      | Reached XP level 3. HP: 24/24 MP: 4/7
  1512 | D:2      | Reached skill level 5 in Necromancy
  1806 | D:2      | Found a radiant altar of Vehumet.
  1826 | D:2      | Found a faded altar of an unknown god.
  1865 | D:2      | Reached XP level 4. HP: 28/30 MP: 1/9
  2452 | D:3      | Found a shadowy altar of Dithmenos.
  2518 | D:3      | Found a blossoming altar of Fedhas.
  2579 | D:3      | Learned a level 4 spell: Animate Dead
  2626 | D:3      | Found Oteleoru's Weapon Shop.
  2671 | D:3      | Reached XP level 5. HP: 32/35 MP: 6/11
  2798 | D:3      | Paralysed by a gnoll for 3 turns
  3066 | D:3      | Reached skill level 6 in Necromancy
  3600 | D:4      | Noticed Blork the orc
  3620 | D:4      | HP: 1/35 [Blork the orc/+0 dire flail (6)]
  3622 | D:4      | Killed Blork the orc
  3634 | D:4      | Your ally Blork died
  3972 | D:4      | Found a runed translucent door.
  4050 | D:4      | Reached XP level 6. HP: 41/41 MP: 11/13
  4130 | D:4      | Found a staircase to the Ecumenical Temple.
  4165 | Temple   | Entered the Ecumenical Temple
  4237 | Temple   | Became a worshipper of Kikubaaqudgha
  4317 | D:4      | Reached skill level 5 in Spellcasting
  4479 | D:4      | Noticed Sigmund
  4481 | D:4      | Noticed Natasha
  4507 | D:4      | Killed Natasha
  4526 | D:4      | HP: 2/41 [something/puff of flame (10)]
  4528 | D:4      | Killed from afar by Sigmund

Illustrated notes

Levels and vault maps discovered:
D:1:      dpeg_arrival_rooms_b, layout_loops_cross, minmay_tiny_reverse_x
D:2:      layout_basic, basic_altar, ebering_ecumenical_altar_sacrificial
D:3:      layout_basic, mainiacjoe_overflow_large_starburst, serial_shops, shop
D:4:      layout_basic, minmay_temple_entry_gardened_gates,
          ebering_ghost_sewer_d, minmay_manual_monstrance, uniq_natasha,
          uniq_sigmund, uniq_blork_the_orc
Temple:   nicolae_temple_slightly_damp_pantheon

Skill      XL: |  1  2  3  4  5  6 |
---------------+-------------------+-----
Spellcasting   | 3 4 5 |  5.2
Necromancy     | 5 6 |  6.9
Dodging        | |  1.5
Stealth        | |  1.6

Action                   |  1- 3 |  4- 6 || total
-------------------------+-------+-------++-------
Melee: Whip              |    27 |    47 ||    74
       Punch             |     1 |       ||     1
 Cast: Necrotise         |    67 |    88 ||   155
       Animate Dead      |       |     4 ||     4
  Use: Scroll            |       |     2 ||     2
 Stab: Distracted        |       |     2 ||     2
Armor: Robe              |     1 |    10 ||    11
       Leather armour    |     4 |       ||     4
       Ring mail         |    14 |     8 ||    22
Dodge: Dodged            |    43 |    45 ||    88

Table legend: (Time is in decaauts)
 A = Elapsed time spent in this place.
 B = Non-inter-level travel time spent in this place.
 C = Inter-level travel time spent in this place.
 D = Time resting spent in this place.
 E = Time spent auto-exploring this place.
 F = Levels seen in this place.
 G = Mean time per level.
                   A        B        C        D        E       F      G
               +--------+--------+--------+--------+--------+-----+--------+
         Total |   4533 |   4462 |     71 |    626 |   3046 |   5 |  906.6 |
       Dungeon |   4447 |   4390 |     57 |    626 |   2991 |   4 | 1111.8 |
        Temple |     86 |     72 |     14 |      0 |     55 |   1 |   86.0 |
               +--------+--------+--------+--------+--------+-----+--------+

Top non-repeatable levels by time:
     D:3: 1437 daAuts
     D:1: 1299 daAuts
     D:4: 867 daAuts
     D:2: 842 daAuts
  Temple: 86 daAuts
